 Dungeon Crawl Stone Soup version 0.31-a0-806-g0bc164a743 (webtiles) character file.

Game seed: 10755808541372156487

503 avis the Nimble (level 6, 0/42 HPs)
             Began as a Felid Warper on Sept 20, 2023.
             Succumbed to a scorpion's poison
             ... on level 4 of the Dungeon.
             The game lasted 00:26:49 (4184 turns).

avis the Nimble (Felid Warper)                      Turns: 4184, Time: 00:26:50

Health: 0/42       AC: 23    Str:  7    XL:     6   Next: 96%
Magic:  7/10       EV:  4    Int: 14    God:
Gold:   170        SH:  0    Dex: 18    Spells: 1/9 levels left
                                        Lives:  0   Deaths: 2

rFire   . .          .
                       - Unarmed
rCold   . . .        (shield unavailable)
rNeg    . . .        (body armour unavailable)
rPois   +            (helmet unavailable)
rElec   .            (cloak unavailable)
rCorr   +            (gloves unavailable)
SInv    +            (boots unavailable)
Will    .....        (no amulet)
Stlth   ++           i - ring of wizardry
HPRegen 0.27/turn    g - ring of resist corrosion
MPRegen 0.12/turn

%: wizardry (x1)
@: lethally poisoned (0 -> -1), tree-form
A: stationary, stasis, torment immunity, boosted hp, very small, (claws 1),
(fangs 3), see invisible, (speed 1), (shaggy fur 2), (stealthy paws), no weapons
or thrown items, no armour, multi-lived
a: no special abilities


You were on level 4 of the Dungeon.
You were a tree.
You visited 1 branch of the dungeon, and saw 4 of its levels.

You collected 170 gold pieces.

Inventory:

Jewellery
 g - a ring of resist corrosion (right branch)
 i - a ring of wizardry (left branch)
Talismans
 f - a flux talisman
Wands
 o - a wand of flame (13)
Scrolls
 a - a scroll of blinking
 b - 2 scrolls of immolation {unknown}
 c - a scroll of identify {unknown}
 d - a scroll of enchant weapon {unknown}
 h - a scroll of vulnerability {unknown}
 j - 2 scrolls of brand weapon {unknown}
 k - a scroll of revelation {unknown}
 n - a scroll of amnesia {unknown}
 p - a scroll of fear {unknown}
Potions
 l - a potion of attraction {unknown}
 m - a potion of degeneration {unknown}


   Skills:
 * Level 3.3 Fighting
 - Level 8.0 Dodging
 - Level 2.0 Stealth
 * Level 3.3 Unarmed Combat
 - Level 2.0 Spellcasting
 - Level 5.0 Translocations
 - Level 1.0 Air Magic


You had one spell level left.
You knew the following spells:

 Your Spells              Type           Power      Damage    Failure   Level
b - Blink                 Tloc           30%        N/A       1%          2
e - Wereblood             Tmut           1%         N/A       14%         2
v - Vhi's Electric Charg  Tloc/Air       18%        N/A       26%         4

Your spell library contained the following spells:

 Spells                   Type           Power      Damage    Failure   Level
 Lesser Beckoning         Tloc           30%        N/A       1%          2
 Teleport Other           Tloc           15%        N/A       3%          3
 Volatile Blastmotes      Fire/Tloc      16%        2d11      11%         3
 Manifold Assault         Tloc           15%        N/A       12%         4
 Sublimation of Blood     Necr           1%         N/A       14%         2
 Dazzling Flash           Conj/Hex       2%         N/A       26%         3
 Stone Arrow              Conj/Erth      2%         3d7       26%         3
 Starburst                Conj/Fire      0%         6d3       100%        6
 Summon Hydra             Summ           0%         N/A       100%        7
 Lehudib's Crystal Spear  Conj/Erth      0%         10d2      100%        8
 Maxwell's Capacitive Co  Air            2%         ∞         100%        8
 Animate Armour           Summ/Erth      Unusable   N/A       N/A         4

Dungeon Overview and Level Annotations

Branches:
Dungeon (4/15)
 Temple: D:4-7

Altars:
Wu Jian


Innate Abilities, Weirdness & Mutations

You are a tree.
Your roots penetrate the ground, keeping you stationary.
You cannot be teleported.
You are immune to unholy pain and torment.
Your maximum health is greatly increased.
((You have sharp claws.))
((You have razor-sharp teeth.))
You have supernaturally acute eyesight. (SInv)
((You cover ground quickly. (Speed+)))
((You are covered in thick fur. (AC +2)))
((Your paws help you pounce on unaware monsters.))
You are incapable of wielding weapons or throwing items.
You cannot wear armour.
You gain extra lives every three experience levels.


Message History

The scorpion is moderately wounded.
The scorpion barely misses you.
You closely miss the scorpion.
The scorpion is moderately wounded.
The scorpion barely misses you. The scorpion stings you.
You closely miss the scorpion.
The scorpion is moderately wounded.
The scorpion closely misses you.
You scratch the scorpion.
The scorpion is heavily wounded.
The scorpion stings you.
You are poisoned.
The scorpion poisons you!
You scratch the scorpion.
The scorpion is severely wounded.
You feel very sick. The scorpion barely misses you.
You scratch the scorpion but do no damage.
The scorpion is severely wounded.
You feel sick. The scorpion stings you!
* * * LOW HITPOINT WARNING * * *
You scratch the scorpion.
The scorpion is severely wounded.
* * * LOW HITPOINT WARNING * * *
You feel sick. The scorpion barely misses you.
You scratch the scorpion. Your bite misses the scorpion.
The scorpion is almost dead.
You feel sick. The scorpion stings you.
* * * LOW HITPOINT WARNING * * *
You barely miss the scorpion.
The scorpion is almost dead.
* * * LOW HITPOINT WARNING * * *
You feel sick. The scorpion completely misses you.
You scratch the scorpion.
You kill the scorpion!
* * * LOW HITPOINT WARNING * * *
You feel sick.
It was a potion of lignification.
You turn into a tree.
Your roots penetrate the ground.
You die...

##......†##......
#...............
#..............#
#..............#
#...............
##...###........
#...##.........
#...##..†...##.
#.####.♣.......
#.......#......
#.......#......
#.......##...#.
#.......# ...#
#........... #
#...........
#............
.........#...


There were no monsters in sight!

Vanquished Creatures
  2 scorpions (D:4)
  3 hounds
  An orc priest (D:4)
  Jessica (D:3)
  An orc wizard (D:4)
  6 gnolls
  6 adders
  An ufetubus (D:4)
  5 dart slugs
  5 orcs (D:4)
  11 endoplasms
  A giant cockroach (D:1)
  11 goblins
  8 hobgoblins
  A jackal (D:4)
  A kobold (D:3)
  3 quokkas
  12 ball pythons
  A bat (D:1)
  10 rats
90 creatures vanquished.

Notes
Turn   | Place    | Note
-------+----------+-------------------------------------------
     0 | D:1      | avis the Felid Warper began the quest for the Orb.
     0 | D:1      | Reached XP level 1. HP: 9/9 MP: 4/4
    87 | D:1      | Reached skill level 4 in Dodging
   124 | D:1      | Reached XP level 2. HP: 13/13 MP: 6/6
   133 | D:1      | Learned a level 2 spell: Blink
   286 | D:1      | Found a faded altar of an unknown god.
   669 | D:1      | Reached skill level 1 in Stealth
   669 | D:1      | Reached XP level 3. HP: 15/16 MP: 7/7
   808 | D:1      | Reached skill level 5 in Dodging
  1410 | D:2      | Succumbed to an adder's poison
  1673 | D:2      | Reached XP level 4. HP: 15/20 MP: 8/8
  2011 | D:3      | Noticed Jessica
  2179 | D:2      | Learned a level 4 spell: Vhi's Electric Charge
  2381 | D:3      | Slain by a hound
  2406 | D:3      | Killed Jessica
  2407 | D:3      | Reached XP level 5. HP: 24/24 MP: 9/9
  2636 | D:3      | Reached skill level 5 in Translocations
  2670 | D:3      | Found an ornate altar of the Wu Jian Council.
  2878 | D:3      | Reached skill level 6 in Dodging
  3398 | D:4      | Learned a level 2 spell: Wereblood
  3484 | D:4      | Gained mutation: You are covered in thick fur. (AC +2)
                  | [Felid growth]
  3484 | D:4      | Reached XP level 6. HP: 28/28 MP: 10/10
  3633 | D:4      | Reached skill level 7 in Dodging
  3912 | D:4      | Reached skill level 1 in Air Magic
  4087 | D:4      | Reached skill level 8 in Dodging
  4182 | D:4      | HP: 1/28 [poisoned by a scorpion]
  4184 | D:4      | Succumbed to a scorpion's poison

Illustrated notes

Levels and vault maps discovered:
D:1:      shiori_shiawase, layout_rooms, serial_corexii_hall,
          corexii_hall_statues_t, corexii_hall_statues_l,
          chequers_hall_statues_corner_a, corexii_hall_statues_i,
          chequers_hall_statues_wall_a, corexii_hall_statues_x,
          hellmonk_ecumenical_altar_crossroads, st_stairs_2
D:2:      layout_basic
D:3:      layout_basic, mainiacjoe_overflow_alcove_2, cheibrodos_gnoll_hut,
          uniq_jessica
D:4:      minmay_thinvault, layout_basic

Skill      XL: |  1  2  3  4  5  6 |
---------------+-------------------+-----
Dodging        | 4 5 6 8 |  8.0
Stealth        | 1 2 |  2.0
Fighting       | 3 |  3.3
Unarmed Combat | 3 |  3.3
Translocations | 5 |  5.0
Air Magic      | 1 |  1.0
Spellcasting   | |  2.0

Action                     |  1- 3 |  4- 6 || total
---------------------------+-------+-------++-------
  Melee: Unarmed           |   116 |   245 ||   361
         Bite              |    14 |    24 ||    38
         Punch             |       |     5 ||     5
   Cast: Vhi's Electric Ch |       |     5 ||     5
    Use: Potion            |     3 |     2 ||     5
   Stab: Sleeping          |     2 |     8 ||    10
 Armour: Skin              |    23 |    52 ||    75
  Dodge: Dodged            |    69 |   200 ||   269

Table legend: (Time is in decaauts)
 A = Elapsed time spent in this place.
 B = Non-inter-level travel time spent in this place.
 C = Inter-level travel time spent in this place.
 D = Time resting spent in this place.
 E = Time spent auto-exploring this place.
 F = Levels seen in this place.
 G = Mean time per level.
                   A        B        C        D        E       F      G
               +--------+--------+--------+--------+--------+-----+--------+
         Total |   3632 |   3337 |    295 |    957 |   1311 |   4 |  908.0 |
       Dungeon |   3632 |   3337 |    295 |    957 |   1311 |   4 |  908.0 |
               +--------+--------+--------+--------+--------+-----+--------+

Top non-repeatable levels by time:
     D:3: 1065 daAuts
     D:1: 887 daAuts
     D:2: 862 daAuts
     D:4: 816 daAuts
